 Dungeon Crawl Stone Soup version 0.18-a0-5-gf1fb587 (webtiles) character file.

6251 radek the Infuser (level 10, -5/56 HPs)
             Began as a Deep Elf Conjurer on Oct 31, 2015.
             Slain by bart's ghost (12 damage)
             ... in a bailey.
             The game lasted 00:57:16 (12215 turns).

radek the Infuser (Deep Elf Conjurer)              Turns: 12215, Time: 00:57:18

Health: -5/56      AC:  7    Str:  6    XL:     10   Next: 62%
Magic:  7/25       EV: 14    Int: 23    God:
Gold:   746        SH:  4    Dex: 15    Spells: 3 memorised, 16 levels left

rFire  . . .     SeeInvis +     V - staff of conjuration
rCold  . . .     Clarity  +     a - +0 robe
rNeg   . . .     SustAt   .     S - +0 buckler
rPois  +         Gourm    .     x - +2 helmet
rElec  .         Spirit   .     (no cloak)
rCorr  .         Warding  .     H - +0 pair of gloves
rMut   .         Stasis   .     L - +0 pair of boots
MR     +....                    f - amulet of clarity
Stlth  ++........               B - ring of see invisible
                                s - ring of poison resistance

@: somewhat resistant to hostile enchantments, unstealthy
A: no striking features
a: no special abilities


You were in a bailey.
You were not hungry.

You visited 1 branch of the dungeon, and saw 10 of its levels.
You also visited: Bailey.

You collected 746 gold pieces.

Inventory:

Hand Weapons
 i - a +0 mace
 j - a +1 short sword of electrocution
 n - a +0 dagger of venom
 q - a +2 quarterstaff of protection
 y - a +0 dagger of venom
 A - a cursed -3 short sword
 F - a +3 short sword of draining
Armour
 a - a +0 robe (worn)
 x - a +2 helmet (worn)
 H - a +0 pair of gloves (worn)
 L - a +0 pair of boots (worn)
 S - a +0 buckler (worn)
Magical Staves
 V - an uncursed staff of conjuration (weapon)
Jewellery
 f - an amulet of clarity (around neck)
 g - an uncursed ring of sustain attributes
 p - an uncursed amulet of the gourmand
 r - an uncursed ring of poison resistance
 s - a ring of poison resistance (left hand)
 B - a ring of see invisible (right hand)
Wands
 m - a wand of slowing (11)
 v - a wand of fireball (5)
 X - a wand of teleportation (7)
Scrolls
 d - 3 scrolls of blinking
 e - 6 scrolls of remove curse
 k - 5 scrolls of fog
 o - a scroll of teleportation
 u - 5 scrolls of amnesia
 z - a scroll of random uselessness
 C - a scroll of enchant armour
 I - 8 scrolls of identify
Potions
 l - 2 potions of poison
 t - a potion of invisibility
 E - a potion of magic {unknown}
 K - a potion of curing
 P - a potion of flight
Books
 b - a book of Conjurations

   Spells                             Type                      Level
   a - Magic Dart                     Conjuration                  1
   b - Searing Ray                    Conjuration                  2
   c - Dazzling Spray                 Conjuration/Hexes            3
   d - Fulminant Prism                Conjuration/Hexes            4
   e - Iskenderun's Mystic Blast      Conjuration                  4
   f - Iskenderun's Battlesphere      Conjuration/Charms           5
 D - a book of Maledictions

   Spells                             Type                      Level
   a - Corona                         Hexes                        1
   b - Ensorcelled Hibernation        Hexes/Ice                    2
   c - Confuse                        Hexes                        3
   d - Tukima's Dance                 Hexes                        3
   e - Dazzling Spray                 Conjuration/Hexes            3
 O - a book of Flames

   Spells                             Type                      Level
   a - Flame Tongue                   Conjuration/Fire             1
   b - Throw Flame                    Conjuration/Fire             2
   c - Conjure Flame                  Conjuration/Fire             3
   d - Inner Flame                    Hexes/Fire                   3
   e - Sticky Flame                   Conjuration/Fire             4
   f - Fireball                       Conjuration/Fire             5
 Q - a book of Burglary

   Spells                             Type                      Level
   a - Swiftness                      Charms/Air                   2
   b - Passwall                       Transmutation/Earth          3
   c - Passage of Golubria            Translocation                4
   d - Lee's Rapid Deconstruction     Earth                        5
   e - Darkness                       Hexes                        6
   f - Invisibility                   Hexes                        6
Miscellaneous
 G - a lamp of fire
Comestibles
 c - 10 bread rations
 h - a royal jelly
 w - 2 meat rations
 M - 8 beef jerkies
 N - 2 slices of pizza


   Skills:
 - Level 3.1 Fighting
 - Level 5.3 Dodging
 - Level 2.4 Stealth
 - Level 0.4 Shields
 + Level 9.1 Spellcasting
 + Level 8.9 Conjurations
 * Level 11.0 Charms
 * Level 9.3 Fire Magic


You had 16 spell levels left.
You knew the following spells:

 Your Spells              Type           Power        Failure   Level  Hunger
a - Magic Dart            Conj           ####         1%          1    None
b - Iskenderun's Battles  Conj/Chrm      ######..     6%          5    ####...
c - Fireball              Conj/Fire      ######....   10%         5    ####...


Dungeon Overview and Level Annotations

Branches:
Dungeon (10/15)              Lair (0/8) D:9             Orc (0/4) D:10
 Temple: D:4-7

Altars:
Ashenzari
Cheibriados
Gozag
Kikubaaqudgha
Makhleb
Qazlal
Xom
Yredelemnul
The Shining One

Shops:
D:10 !

Annotations:
D:4 Eustachio, Sigmund Bailey bart's ghost, novice HOCK


Message History

The barrage of energy hits bart's ghost.
Bart's ghost is severely damaged.
Bart's ghost hits you!
* * * LOW HITPOINT WARNING * * *
Drink which item? (? for menu, Esc to quit)
You feel better. Bart's ghost hits you!
* * * LOW HITPOINT WARNING * * *
Casting: Magic Dart
Confirm with . or Enter, or press ? or * to list all spells.
Aiming: Magic Dart
Press: ? - help, Shift-Dir - straight line, f/p - bart's ghost
Aim: bart's ghost (severely damaged)
You feel a surge of power!
The magic dart hits bart's ghost.
Bart's ghost is severely damaged.
Your battlesphere fires!
The barrage of energy hits bart's ghost.
Bart's ghost is almost destroyed.
Your battlesphere expends the last of its energy and dissipates.
Bart's ghost hits you!
You die...

#.......#
#.......#
#.......#
#.§.....#
#.......#
#∩.....∩#
#..W....#
#..@..#
#######


You could see bart's ghost.

Vanquished Creatures
  An unseen horror (D:10)
  A two-headed ogre (D:8)
  The ghost of SlimeFever the Chiller, an amateur DsIE of Vehumet (D:4)
  9 yaks (D:10)
  A hippogriff (D:9)
  2 hungry ghosts
  A sky beast (D:9)
  2 ice beasts
  2 black bears
  6 ogres
  An eye of draining (D:8)
  3 orc warriors
  The ghost of Goblin1989 the Insei, an amateur DsMo (D:3)
  3 centaurs
  The ghost of radek the Conjurer, an amateur DECj (D:4)
  2 giant frogs
  A wyvern zombie (D:9)
  2 scorpions
  A crimson imp (D:9)
  2 giant frog zombies (D:7)
  11 hounds
  2 iguanas
  3 jellies
  4 orc priests
  12 worker ants
  11 orc wizards
  2 giant frog skeletons
  2 worker ant zombies
  Robin (D:4)
  8 gnolls
  9 adders
  3 shadow imps
  2 oozes
  2 worms
  3 adder skeletons (D:4)
  2 giant geckos
  40 orcs
  7 bats
  4 giant cockroaches
  15 hobgoblins
  5 jackals
  5 quokkas
  A ball python (D:1)
  11 giant newts
  21 goblins
  10 kobolds
  A quokka skeleton (D:6)
  9 rats
249 creatures vanquished.

Notes
Turn   | Place    | Note
--------------------------------------------------------------
     0 | D:1      | radek the Deep Elf Conjurer began the quest for the Orb.
     0 | D:1      | Reached XP level 1. HP: 10/10 MP: 6/6
    36 | D:1      | Reached skill level 5 in Conjurations
    36 | D:1      | Reached XP level 2. HP: 3/15 MP: 1/8
   575 | D:1      | Reached XP level 3. HP: 19/19 MP: 6/9
  1167 | D:2      | Reached skill level 6 in Conjurations
  1417 | D:2      | Reached XP level 4. HP: 24/24 MP: 3/10
  1997 | D:3      | Noticed Goblin1989's ghost (amateur DsMo)
  2488 | D:3      | Reached skill level 7 in Conjurations
  2488 | D:3      | Reached XP level 5. HP: 28/28 MP: 6/11
  2500 | D:3      | Learned a level 5 spell: Iskenderun's Battlesphere
  2549 | D:3      | Reached skill level 1 in Charms
  3187 | D:4      | Noticed radek's ghost (amateur DECj)
  3191 | D:4      | Noticed an ogre
  3353 | D:3      | Reached skill level 5 in Charms
  3353 | D:3      | Reached XP level 6. HP: 10/32 MP: 7/12
  3585 | D:4      | Killed an ogre
  3949 | D:4      | Killed radek's ghost
  3951 | D:4      | Noticed Sigmund
  3951 | D:4      | Noticed SlimeFever's ghost (amateur DsIE)
  4059 | D:4      | Killed SlimeFever's ghost
  4059 | D:4      | Reached skill level 8 in Charms
  4059 | D:4      | Reached XP level 7. HP: 20/36 MP: 3/13
  4221 | D:3      | Killed Goblin1989's ghost
  4470 | D:4      | Noticed Eustachio
  4523 | D:4      | Found a glowing golden altar of the Shining One.
  4992 | D:4      | Noticed Robin
  5019 | D:4      | Killed Robin
  5146 | D:4      | Found a snail-covered altar of Cheibriados.
  5531 | D:5      | Entered Level 5 of the Dungeon
  5552 | D:5      | Reached skill level 1 in Fighting
  5670 | D:5      | Reached XP level 8. HP: 43/43 MP: 8/17
  5837 | D:5      | Reached skill level 5 in Spellcasting
  6145 | D:5      | Found a stormy altar of Qazlal.
  6157 | D:5      | Noticed a fire elemental
  6157 | D:5      | Noticed an air elemental
  6157 | D:5      | Noticed a water elemental
  6322 | D:5      | Found a burning altar of Makhleb.
  6422 | D:5      | Found a shattered altar of Ashenzari.
  6721 | D:6      | Found a basalt altar of Yredelemnul.
  6898 | D:6      | Found an opulent altar of Gozag.
  7636 | D:6      | Reached skill level 5 in Dodging
  7689 | D:6      | Learned a level 5 spell: Fireball
  8002 | D:6      | Reached skill level 1 in Fire Magic
  8002 | D:6      | Reached XP level 9. HP: 49/49 MP: 14/22
  9225 | D:8      | Gained mutation: You are agile. (Dex +2) [potion of beneficial mutation]
  9226 | D:8      | Lost mutation: You are agile. (Dex +2) [potion of cure mutation]
  9378 | D:8      | Reached skill level 5 in Fire Magic
 10049 | D:8      | Found a glowing golden altar of the Shining One.
 10103 | D:8      | Found an ancient bone altar of Kikubaaqudgha.
 10296 | D:8      | Reached skill level 9 in Charms
 10996 | D:9      | Found a staircase to the Lair.
 11225 | D:9      | Reached XP level 10. HP: 56/56 MP: 16/24
 11543 | D:10     | Entered Level 10 of the Dungeon
 11543 | D:10     | Found a staircase to the Orcish Mines.
 11722 | D:10     | Found a shimmering altar of Xom.
 11722 | D:10     | Found a shimmering altar of Xom.
 11722 | D:10     | Found a shimmering altar of Xom.
 11722 | D:10     | Found a shimmering altar of Xom.
 11745 | D:10     | Noticed an unseen horror
 11749 | D:10     | Killed an unseen horror
 11760 | D:10     | Reached skill level 10 in Charms
 12195 | D:10     | Reached skill level 11 in Charms
 12198 | D:10     | Found Lath's Distillery.
 12199 | D:10     | Found a flagged portal.
 12208 | Bailey   | Entered a bailey
 12208 | Bailey   | Noticed bart's ghost (novice HOCK)
 12215 | Bailey   | Slain by bart's ghost

Vault maps used:
D:1:      dpeg_arrival_court
D:2:      minivault_4
D:3:      first_bread, minmay_crystal_water, minivault_19
D:4:      kennysheep_goblin_castle, nicolae_overflow_hidden_temple,
          minmay_temple_entry_enclosed_plants, nicolae_tso_swordbearing_angel,
          uniq_eustachio, uniq_sigmund
D:5:      kennysheep_mini, nicolae_qazlal_style_of_elements,
          nicolae_overflow_crystal_walls
D:6:      overflow_temple_1_default, yredelemnul_altar_generic
D:7:      grunt_ogre_cave
D:8:      kiku_gazebo_garden_becter, basic_altar
D:9:      lair_0_dummy, grunt_ministairs_2
D:10:     orc_0_dummy, serial_shops, shop, enter_bailey_2, xom_shifter_show
Bailey:   bailey_polearm_5, bailey

Action                   |  1- 3 |  4- 6 |  7- 9 | 10-12 || total
-------------------------+-------+-------+-------+-------++-------
Melee: Short sword       |       |       |     4 |       ||     4
       Staff             |       |       |       |     7 ||     7
 Cast: Magic Dart        |    69 |   137 |   321 |    69 ||   596
       Iskenderun's Batt |       |     2 |    38 |    13 ||    53
       Fireball          |       |       |     3 |       ||     3
  Use: Scroll            |       |       |    17 |       ||    17
       Potion            |       |       |    13 |     3 ||    16
  Eat: Chunk             |     1 |    20 |    35 |     1 ||    57
